Map: Berlingrad LE

Players

Serral - Winner!

  • Race: Zerg Zerg
  • League: Master

AGOElazer (Elazer)

  • Race: Zerg Zerg
  • League: Master

Event: DreamHack SC2 Masters Last Chance 2022

VOD

Have the link to the VOD?

Description

Time

  • Played on: Dec. 17, 2021, 12:58 p.m.
  • Length: 18:05

All games in this series

Show
View Real Time Build Order
Export as new Build Order

Serral Zerg - Winner!

Build Orders: Pool First, Lurkers 

Get SALT Encoding   

  12  0:00  Drone  
  13  0:13  Overlord  
  13  0:17  Drone  
  14  0:31  Drone x2  
  14  0:35  Drone  
  17  0:44  Spawning Pool  
  17  0:47  Drone  
  17  1:06  Hatchery  
  17  1:10  Drone  
  17  1:11  Extractor  
  17  1:15  Drone  
  17  1:30  Queen  
  17  1:31  Zergling x4  
  21  1:39  Overlord  
  21  1:50  Drone  
  22  2:00  Drone  
  23  2:06  Queen  
  25  2:11  Drone  
  26  2:18  Drone  
  26  2:19  Queen  
  26  2:22  Drone  
  30  2:29  Drone  
  31  2:32  Overlord  
  31  2:39  Drone  
  31  2:40  Drone x3  
  35  2:45  Drone  
  36  2:52  Drone  
  36  2:55  Queen  
  36  2:57  Drone  
  40  2:59  Lair  
  40  3:02  Drone  
  41  3:08  Overlord  
  41  3:12  Drone, Evolution Chamber  
  41  3:13  Drone  
  41  3:15  Drone  
  41  3:18  Drone  
  44  3:23  Extractor  
  44  3:25  Drone x2, Extractor  
  44  3:27  Drone x2  
  44  3:29  Drone  
  47  3:35  Roach Warren  
  47  3:39  Zerg Missile Weapons Level 1  
  46  3:42  Drone  
  46  3:43  Drone, Extractor  
  46  3:46  Drone x2  
  49  3:49  Drone  
  49  3:53  Drone x2  
  49  3:55  Overlord  
  51  4:04  Evolution Chamber  
  51  4:07  Drone x3, Overseer  
  52  4:10  Overlord  
  52  4:15  Drone  
  52  4:16  Glial Reconstitution  
  53  4:18  Drone  
  53  4:22  Roach  
  53  4:23  Roach  
  58  4:27  Overlord  
  58  4:30  Roach  
  60  4:34  Overlord  
  60  4:36  Roach  
  62  4:38  Overlord  
  62  4:41  Overlord  
  62  4:46  Zerg Ground Armor Level 1  
  62  4:49  Roach  
  64  4:59  Hatchery  
  63  5:07  Roach  
  63  5:08  Roach x3  
  63  5:12  Overlord  
  71  5:15  Overlord  
  71  5:16  Roach  
  73  5:25  Roach x3  
  79  5:34  Zerg Missile Weapons Level 2  
  79  5:39  Roach, Overlord  
  79  5:40  Roach x2  
  85  5:49  Overlord  
  85  5:51  Overseer  
  85  5:54  Overlord  
  85  5:55  Roach x2  
  85  5:56  Roach  
  91  5:57  Drone x2  
  91  6:00  Drone  
  91  6:01  Drone x2  
  96  6:12  Overlord  
  96  6:13  Drone x2  
  98  6:23  Drone x4  
  102  6:31  Roach x2  
  106  6:33  Overlord  
  106  6:37  Roach x3  
  106  6:38  Roach  
  106  6:39  Tunneling Claws  
  114  6:40  Burrow  
  114  6:45  Roach x4  
  122  6:59  Pneumatized Carapace, Extractor x2  
  122  7:00  Drone x5  
  125  7:05  Overseer, Overlord  
  125  7:07  Drone x2  
  127  7:09  Roach x4  
  127  7:10  Roach  
  127  7:12  Ravager x2  
  127  7:13  Ravager x2  
  141  7:27  Hatchery  
  141  7:28  Overlord  
  141  7:29  Drone  
  143  7:30  Drone x5  
  143  7:36  Overlord x2  
  146  7:38  Overlord  
  146  7:47  Roach x4  
  154  7:54  Overlord x2  
  154  7:57  Roach x3  
  162  7:58  Roach  
  162  8:04  Roach x4  
  170  8:06  Roach  
  170  8:11  Zerg Ground Armor Level 2  
  172  8:17  Roach x3  
  178  8:24  Roach x4  
  178  8:26  Overseer  
  186  8:31  Overlord x3  
  186  8:33  Overlord  
  186  8:45  Overseer  
  186  8:49  Queen  
  186  8:50  Roach x4  
  186  8:52  Ravager x2  
  186  8:53  Roach  
  196  9:13  Roach x4  
  200  9:22  Infestation Pit  
  200  9:23  Hydralisk Den  
  198  9:26  Ravager  
  199  9:39  Roach x5  
  191  9:55  Roach x9  
  193  10:01  Roach x3  
  193  10:02  Roach x4  
  199  10:07  Hive  
  199  10:08  Grooved Spines  
  199  10:09  Lurker Den, Extractor x2  
  199  10:12  Roach x9  
  196  10:14  Drone  
  196  10:15  Drone x2  
  196  10:16  Drone  
  196  10:17  Roach x8  
  200  10:28  Roach x2  
  198  10:38  Roach x3  
  200  10:45  Roach x8  
  194  10:51  Roach  
  194  10:55  Roach x7  
  188  11:06  Roach  
  188  11:07  Roach x7  
  200  11:18  Spine Crawler  
  200  11:19  Muscular Augments  
  200  11:20  Zerg Ground Armor Level 3, Spine Crawler, Zerg Missile Weapons Level 3  
  200  11:21  Hydralisk x2, Seismic Spines  
  200  11:30  Roach x4  
  200  11:44  Hatchery  
  199  11:48  Queen x3  
  199  12:00  Hydralisk Den  
  199  12:01  Lurker Den  
  191  12:05  Drone x6  
  191  12:06  Roach x4  
  189  12:11  Roach  
  189  12:13  Hydralisk x7  
  197  12:18  Adaptive Talons  
  190  12:28  Roach x2  
  190  12:29  Roach  
  186  12:47  Roach x10  
  190  12:54  Roach  
  190  12:55  Roach x9  
  190  12:56  Roach x2  
  190  12:57  Roach x2  
  196  13:01  Roach x4  
  187  13:06  Roach x4  
  187  13:12  Roach  
  162  13:14  Roach x18  
  177  13:20  Roach x3  
  177  13:21  Roach x8  
  178  13:27  Roach  
  178  13:29  Roach x5  
  152  13:35  Roach x3  
  152  13:36  Roach x3  
  152  13:41  Roach x3  
  146  13:47  Hydralisk x3  
  144  13:54  Hydralisk  
  146  13:57  Hydralisk x2  
  150  14:08  Hydralisk x3  
  156  14:12  Overseer  
  156  14:14  Lurker x3  
  153  14:19  Ravager  
  153  14:21  Lurker  
  155  14:26  Hydralisk  
  155  14:27  Hydralisk x2  
  161  14:35  Hatchery  
  161  14:36  Overlord x2  
  160  14:39  Overlord  
  160  14:40  Roach  
  160  14:41  Roach x2  
  160  14:45  Overseer, Roach x2  
  159  14:46  Roach  
  153  14:55  Hydralisk x4  
  153  14:58  Overseer  
  140  15:07  Roach  
  140  15:08  Roach x2  
  140  15:10  Roach x3  
  140  15:11  Roach  
  119  15:15  Roach  
  119  15:20  Overseer  
  99  15:25  Lurker  
  99  15:26  Lurker x4  
  99  15:27  Lurker  
  105  15:32  Lurker  
  104  15:40  Lurker x2, Roach x2  
  102  15:47  Lurker  
  101  15:55  Lurker  
  102  16:13  Hatchery  
  102  16:18  Hatchery  
  102  16:24  Hydralisk  
  103  16:30  Viper  
  106  16:43  Viper  
  104  16:48  Hydralisk x3  
  107  16:56  Hydralisk  
  107  17:01  Overseer  
  109  17:07  Hydralisk  
  108  17:12  Viper  
  108  17:14  Overseer  
  111  17:21  Hydralisk  
  113  17:26  Hydralisk  
  113  17:29  Lurker  
  116  17:33  Hydralisk, Roach x11  
  118  17:39  Hydralisk  
Show
View Real Time Build Order
Export as new Build Order

AGOElazer Zerg 

Build Orders: Hatch First, Lurkers 

Get SALT Encoding   

  12  0:00  Drone  
  13  0:11  Overlord  
  13  0:16  Drone  
  14  0:30  Drone x2  
  16  0:46  Hatchery  
  15  0:50  Drone  
  15  0:53  Drone  
  15  0:57  Drone  
  18  1:07  Extractor  
  17  1:12  Spawning Pool  
  17  1:15  Drone  
  17  1:18  Drone  
  18  1:27  Drone  
  19  1:38  Drone  
  20  1:48  Drone  
  21  1:59  Queen x2  
  21  2:00  Zergling x4  
  27  2:10  Drone, Overlord  
  27  2:12  Metabolic Boost  
  28  2:29  Drone x2  
  30  2:30  Drone  
  30  2:34  Drone, Queen  
  34  2:42  Overlord  
  34  2:43  Drone  
  35  2:51  Evolution Chamber  
  34  2:53  Drone  
  34  2:56  Roach Warren  
  34  2:59  Drone  
  35  3:06  Evolution Chamber  
  35  3:08  Drone x4  
  38  3:15  Drone x3  
  38  3:18  Overlord  
  41  3:25  Zerg Ground Armor Level 1  
  41  3:28  Zergling x2  
  43  3:38  Hatchery  
  43  3:39  Zergling x2  
  43  3:41  Zergling x2  
  44  3:43  Zergling x2  
  44  3:47  Zergling x6  
  48  3:50  Zergling x2  
  49  4:01  Drone x3  
  52  4:05  Overlord  
  52  4:12  Extractor x2  
  52  4:13  Drone  
  52  4:14  Drone  
  52  4:23  Overlord  
  51  4:26  Drone x7  
  58  4:35  Overlord  
  58  4:38  Drone  
  59  4:39  Lair  
  59  4:44  Drone x3, Extractor  
  61  4:45  Drone  
  61  4:47  Drone x3  
  65  4:53  Overlord  
  65  4:59  Overlord  
  67  5:00  Roach x2  
  69  5:10  Roach x3  
  75  5:14  Overlord  
  75  5:19  Roach x4  
  83  5:22  Zerg Missile Weapons Level 1  
  83  5:25  Overlord  
  83  5:27  Overlord x2  
  83  5:32  Overlord  
  83  5:35  Overlord  
  83  5:36  Overseer  
  83  5:38  Queen x2  
  87  5:46  Drone x4  
  91  5:50  Drone x5  
  91  5:57  Ravager x6  
  102  5:58  Overlord  
  102  6:07  Overlord  
  102  6:10  Drone, Overlord  
  102  6:11  Drone x3  
  106  6:12  Drone  
  107  6:24  Overlord, Glial Reconstitution  
  107  6:25  Roach x6  
  117  6:32  Overlord  
  117  6:34  Extractor  
  117  6:35  Extractor  
  117  6:38  Overlord  
  115  6:40  Roach x3  
  115  6:45  Overlord  
  121  6:47  Roach x4  
  128  6:56  Overseer  
  128  6:59  Roach  
  128  7:00  Roach x5  
  140  7:02  Overseer  
  140  7:07  Roach x4  
  148  7:11  Overlord  
  148  7:17  Roach x3  
  148  7:20  Hatchery  
  148  7:21  Overlord  
  153  7:26  Roach  
  153  7:27  Roach x3  
  153  7:28  Roach  
  163  7:35  Zerg Missile Weapons Level 2  
  163  7:38  Pneumatized Carapace  
  163  7:39  Overlord  
  163  7:43  Roach x4  
  171  7:51  Roach x4  
  179  7:55  Overseer  
  179  8:02  Roach x6  
  191  8:12  Roach x3  
  197  8:14  Ravager  
  197  8:18  Roach  
  200  8:47  Infestation Pit  
  199  8:55  Hydralisk Den  
  189  9:15  Roach x11  
  199  9:24  Hive  
  199  9:25  Drone, Grooved Spines  
  199  9:26  Lurker Den  
  199  9:34  Overlord  
  190  9:55  Roach x8  
  190  9:56  Roach  
  189  10:06  Overseer x2  
  183  10:09  Roach x9  
  193  10:24  Drone x8  
  198  10:32  Drone  
  193  10:43  Drone x7  
  195  10:56  Roach  
  195  10:57  Roach x14  
  195  11:08  Overlord x3  
  191  11:12  Seismic Spines  
  191  11:13  Muscular Augments  
  191  11:15  Overlord x2  
  191  11:17  Spine Crawler  
  187  11:42  Roach x8  
  199  11:53  Drone x3  
  195  12:04  Drone x5  
  196  12:09  Adaptive Talons  
  196  12:14  Hydralisk  
  196  12:15  Hydralisk x2  
  198  12:17  Overlord  
  188  12:28  Hydralisk x5  
  186  12:40  Drone x3  
  187  12:58  Roach x12  
  199  13:05  Hydralisk x4  
  189  13:10  Roach Warren  
  172  13:23  Overlord x2  
  129  13:39  Hydralisk x2  
  129  13:40  Hydralisk x11  
  127  13:53  Lurker x4  
  129  14:01  Lurker x6  
  133  14:04  Drone x9  
  139  14:17  Lurker x3  
  139  14:19  Lurker  
  143  14:33  Roach x3  
  139  14:57  Roach x8  
  139  15:12  Roach x3  
  110  15:17  Drone  
  89  15:32  Drone x2  
  85  15:48  Drone  
  86  16:02  Overseer  
  86  16:09  Drone  
  87  16:16  Drone x2  
  89  16:36  Roach x3  
  81  16:48  Roach x2  
  81  16:59  Drone x3  
  82  17:17  Drone x4  
  86  17:27  Viper x2  
  92  17:36  Viper  
  95  17:39  Ravager  
  95  17:41  Ravager  

Tags
 
Add a new tag
Caveats
  • Supply blocks, unpowered buildings, or Contaminate may cause inaccurate times.
  • Supply counts are checked every 10 seconds.